 Dungeon Crawl Stone Soup version 0.30-a0-364-gf6b3ef1049 (webtiles) character file.

Game seed: 10554540538842607580

2597 greasedhog the Covert (level 9, -6/81 HPs)
             Began as a Naga Fighter on Nov 15, 2022.
             Was a Believer of Qazlal.
             Mangled by a troll (11 damage)
             ... on level 6 of the Dungeon.
             The game lasted 00:11:00 (5641 turns).

greasedhog the Covert (Naga Fighter)                Turns: 5641, Time: 00:11:01

Health: -6/81      AC:  8    Str: 23    XL:     9   Next: 59%
Magic:  13/13      EV:  5    Int:  8    God:    Qazlal [**....]
Gold:   303        SH:  8    Dex: 17    Spells: 8/8 levels left

rFire   . . .      SeeInvis +    a - +0 flail
rCold   . . .      Faith    .    c - +0 buckler
rNeg    . . .      Spirit   .    m - +0 chain mail
rPois   +          Reflect  .    q - +0 helmet
rElec   .          Harm     .    (no cloak)
rCorr   .          Rampage  .    (no gloves)
Will    +....                    (no barding)
Stlth   +.........               (no amulet)
HPRegen 0.33/turn                l - +4 ring of slaying
MPRegen 0.13/turn                t - +6 ring of dexterity

@: very slow
A: AC +3, large, see invisible, deformed body, poison resistance, slowness 2,
spit poison 1, naga tail 1
a: Spit Poison, Renounce Religion, Upheaval


You were on level 6 of the Dungeon.
You worshipped Qazlal.
Qazlal was pleased with you.
You visited 1 branch of the dungeon, and saw 6 of its levels.

You collected 303 gold pieces.

Inventory:

Hand Weapons
 a - a +0 flail (weapon)
Missiles
 e - a throwing net
Armour
 c - a +0 buckler (worn)
 m - a +0 chain mail (worn)
 q - a +0 helmet (worn)
Jewellery
 l - a +4 ring of slaying (left hand)
 t - a +6 ring of dexterity (right hand)
 y - a +6 ring of dexterity
Wands
 i - a wand of mindburst (5)
Scrolls
 d - a scroll of amnesia
 j - 4 scrolls of immolation
 n - a scroll of silence
 r - 3 scrolls of fog {unknown}
 s - 2 scrolls of magic mapping {unknown}
 u - 5 scrolls of torment {unknown}
 v - a scroll of identify
Potions
 b - 3 potions of brilliance {unknown}
 f - a potion of haste {unknown}
 h - 2 potions of heal wounds {unknown}
 k - 5 potions of curing
 o - a potion of resistance {unknown}
 p - a potion of might
 w - a potion of magic {unknown}
 x - a potion of cancellation {unknown}
 z - 2 potions of mutation {unknown}
 A - a potion of degeneration {unknown}


   Skills:
 - Level 5.0 Fighting
 * Level 7.3 Maces & Flails
 - Level 2.4 Armour
 * Level 9.8 Stealth
 - Level 5.0 Shields
 * Level 6.1 Invocations


You had 8 spell levels left.
You didn't know any spells.
Your spell library contained the following spells:

 Spells                   Type           Power      Damage    Failure   Level
 Inner Flame              Hex/Fire       0%         N/A       100%        3
 Airstrike                Air            0%         2d(0-16)  100%        4
 Flame Wave               Conj/Fire      0%         2d4       100%        4
 Sticky Flame             Conj/Fire      0%         2d3       100%        4
 Summon Lightning Spire   Summ/Air       0%         N/A       100%        4
 Lightning Bolt           Conj/Air       0%         1d11      100%        5
 Chain Lightning          Conj/Air       0%         N/A       100%        9
 Fire Storm               Conj/Fire      0%         5d1       100%        9
 Shatter                  Erth           0%         3d5*      100%        9


Dungeon Overview and Level Annotations

Branches:
Dungeon (6/15)
 Temple: D:4-7

Altars:
Dithmenos
Qazlal
Ru
Vehumet


Innate Abilities, Weirdness & Mutations

Your serpentine skin is tough. (AC +3)
You have supernaturally acute eyesight. (SInv)
Armour fits poorly on your strangely shaped body.
Your system is resistant to poisons. (rPois)
You cover ground very slowly.
You can spit poison.
You have a snake-like lower body.


Message History

The phantom is destroyed!
Qazlal accepts your kill.
Your life force feels restored.
Your Invocations skill increases to level 6!
The centaur unwields a +0 shortbow.
The centaur hits you. The centaur kicks you.
The centaur hits you but does no damage.
The centaur kicks you but does no damage.
The troll bites you but does no damage. The troll claws you but does no damage.
The troll claws you.
You closely miss the centaur.
The centaur hits you but does no damage.
The centaur completely misses you.
Your ogre completely misses the centaur.
The troll bites you! The troll claws you!
The troll claws you but does no damage. You block the centaur's attack. x2
The centaur attacks as you move away! The centaur hits you.
You block the centaur's attack.
The centaur wields a +0 shortbow.
The centaur shoots an arrow.
The arrow hits you!
* * * LOW HITPOINT WARNING * * *
Your ogre hits the centaur with a +0 giant club!!
The centaur dies!
Qazlal accepts your kill.
Aiming: Mindburst
Press: ? - help, Shift-Dir - straight line, f/p - troll
Aim: a troll (ally target, chance to affect: 64%)
The troll struggles to resist.
You block the troll's attack. The troll barely misses you. The troll claws you!
* * * LOW HITPOINT WARNING * * *
Your ogre hits the troll with a +0 giant club!
You feel better. The troll bites you!
* * * LOW HITPOINT WARNING * * *
The troll claws you but does no damage. The troll claws you.
* * * LOW HITPOINT WARNING * * *
Aiming: Mindburst
Press: ? - help, Shift-Dir - straight line, f/p - troll
Aim: a troll (moderately wounded, ally target, chance to affect: 64%)
The troll's mind is blasted!
The troll barely misses you. The troll claws you but does no damage.
The troll claws you!
You die... ... #.# ##s# cT#

# #.# .# #.#####.#
#.s.sO..# ####T...###
# ####@§.....# #
#...°........# #
#.##.......#.# #
##.##.#...### # #
##...#.#...# # #
#......##.##
########.##.(..####.#
......##.............
#####.#####....##.####


You could see a troll (ally target), a scorpion and a friendly ogre (summoned).

Vanquished Creatures
  Grinder (D:5)
  Sigmund (D:2)
  Menkaure (D:5)
  2 water moccasins (D:5)
  An ice beast (D:3)
  5 ogres
  A sky beast (D:5)
  A phantom (D:4)
  A kobold brigand (D:6)
  A scorpion (D:6)
  4 wights (D:6)
  3 hounds
  3 orc priests
  2 jellies
  A gnoll bouda (D:5)
  Jessica (D:3)
  Ijyb (D:3)
  Natasha (thrice) (D:3)
  An iguana (D:5)
  4 orc wizards
  Robin (D:3)
  6 adders
  A white imp (D:6)
  2 ufetubi (D:4)
  2 worms
  A dart slug (D:4)
  18 orcs
  6 endoplasms
  2 giant cockroaches
  16 goblins
  8 hobgoblins
  3 jackals (D:3)
  11 kobolds
  3 quokkas
  7 ball pythons
  3 bats
  3 rats (D:2)
131 creatures vanquished.

Vanquished Creatures (collateral kills)
  A centaur (D:6)
  A phantom (D:6)
  An iguana (D:6)
  3 gnolls (D:4)
  A kobold (D:4)
7 creatures vanquished.

Grand Total: 138 creatures vanquished

Notes
Turn   | Place    | Note
-------+----------+-------------------------------------------
     0 | D:1      | greasedhog the Naga Fighter began the quest for the Orb.
     0 | D:1      | Reached XP level 1. HP: 21/21 MP: 1/1
   233 | D:1      | Reached XP level 2. HP: 28/28 MP: 2/2
   663 | D:2      | Noticed Sigmund
   668 | D:2      | Killed Sigmund
   669 | D:2      | Reached XP level 3. HP: 18/36 MP: 3/3
   669 | D:2      | Reached XP level 4. HP: 22/44 MP: 4/4
   669 | D:2      | Reached XP level 5. HP: 25/50 MP: 5/5
  1058 | D:2      | Found a stormy altar of Qazlal.
  1441 | D:3      | Found a sacrificial altar of Ru.
  1485 | D:3      | Noticed Jessica
  1496 | D:3      | Killed Jessica
  1497 | D:3      | Reached skill level 1 in Stealth
  1497 | D:3      | Reached XP level 6. HP: 45/58 MP: 6/6
  1616 | D:3      | Noticed Ijyb
  1633 | D:3      | Killed Ijyb
  1639 | D:3      | Noticed Natasha
  1643 | D:3      | Killed Natasha
  1669 | D:3      | Noticed an ice beast
  1675 | D:3      | Killed an ice beast
  1676 | D:3      | Reached skill level 2 in Stealth
  1837 | D:3      | Noticed Robin
  1847 | D:3      | Killed Robin
  2034 | D:3      | Noticed Natasha
  2040 | D:3      | Killed Natasha
  2041 | D:3      | Reached skill level 3 in Stealth
  2041 | D:3      | Reached XP level 7. HP: 61/66 MP: 7/7
  2094 | D:3      | Noticed Natasha
  2101 | D:3      | Killed Natasha
  2155 | D:2      | Became a worshipper of Qazlal Stormbringer
  2250 | D:4      | Reached skill level 5 in Fighting
  2364 | D:4      | Found a radiant altar of Vehumet.
  2387 | D:4      | Found a shadowy altar of Dithmenos.
  2467 | D:4      | Reached skill level 4 in Stealth
  2661 | D:4      | Reached skill level 1 in Invocations
  2918 | D:4      | Reached skill level 5 in Shields
  2983 | D:4      | Reached skill level 5 in Stealth
  3086 | D:4      | Reached XP level 8. HP: 74/74 MP: 9/9
  3164 | D:4      | Reached skill level 5 in Maces & Flails
  3317 | D:5      | Entered Level 5 of the Dungeon
  3327 | D:5      | Reached * piety under Qazlal
  3450 | D:5      | Reached skill level 6 in Stealth
  3690 | D:5      | Reached skill level 7 in Stealth
  3777 | D:5      | Noticed Menkaure
  3782 | D:5      | Killed Menkaure
  4458 | D:5      | Reached skill level 8 in Stealth
  4458 | D:5      | Reached XP level 9. HP: 78/81 MP: 12/12
  4662 | D:5      | Noticed Grinder
  4673 | D:5      | Killed Grinder
  4674 | D:5      | Reached skill level 5 in Invocations
  4868 | D:6      | Reached skill level 9 in Stealth
  5441 | D:6      | Reached ** piety under Qazlal
  5621 | D:6      | Noticed a troll
  5640 | D:6      | HP: 4/81 [troll (3)]
  5641 | D:6      | Mangled by a troll

Illustrated notes

Levels and vault maps discovered:
D:1:      psy_arrival_conway, layout_loops_ring
D:2:      layout_basic, basic_altar, minmay_misc_feat_more_columns, uniq_sigmund
D:3:      layout_basic, mainiacjoe_overflow_six_doors_small, uniq_natasha,
          uniq_jessica, uniq_robin, uniq_ijyb
D:4:      wad_river_or_something, layout_rooms, vehumet_crystals,
          lemuel_tele_altar, serial_corexii_hall,
          chequers_hall_statues_corner_a, chequers_hall_statues_y
D:5:      minmay_skewed_foursquare, layout_basic, uniq_grinder, uniq_menkaure
D:6:      layout_loops_ring, slow_altar_2

Skill      XL: |  1  2  3  4  5  6  7  8  9 |
---------------+----------------------------+-----
Fighting       | 4 5 |  5.0
Maces & Flails | 3 4 6 7 |  7.3
Shields        | 3 4 5 |  5.0
Stealth        | 1 3 5 8 9 |  9.8
Invocations    | 2 4 6 |  6.1
Armour         | |  2.4

Action                   |  1- 3 |  4- 6 |  7- 9 || total
-------------------------+-------+-------+-------++-------
Melee: Flail             |    29 |   119 |   262 ||   410
 Abil: Spit Poison       |     1 |     3 |    10 ||    14
Evoke: Wand              |       |     3 |    16 ||    19
  Use: Potion            |     1 |       |     1 ||     2
       Scroll            |       |     4 |     4 ||     8
 Stab: Paralysed         |       |       |     2 ||     2
Armor: Scale mail        |    12 |     6 |       ||    18
       Chain mail        |       |    66 |   144 ||   210
Dodge: Dodged            |    12 |    27 |    79 ||   118
Block: Buckler           |     7 |    32 |   101 ||   140

Table legend: (Time is in decaauts)
 A = Elapsed time spent in this place.
 B = Non-inter-level travel time spent in this place.
 C = Inter-level travel time spent in this place.
 D = Time resting spent in this place.
 E = Time spent auto-exploring this place.
 F = Levels seen in this place.
 G = Mean time per level.
                   A        B        C        D        E       F      G
               +--------+--------+--------+--------+--------+-----+--------+
         Total |   7054 |   6772 |    282 |    400 |   5282 |   6 | 1175.7 |
       Dungeon |   7054 |   6772 |    282 |    400 |   5282 |   6 | 1175.7 |
               +--------+--------+--------+--------+--------+-----+--------+

Top non-repeatable levels by time:
     D:5: 1767 daAuts
     D:4: 1356 daAuts
     D:3: 1152 daAuts
     D:6: 1005 daAuts
     D:2: 948 daAuts
     D:1: 824 daAuts
